 Dungeon Crawl Stone Soup version 0.30.0-5-g1a98f26d00 (webtiles) character file.

Game seed: 11486189935175343667

55 Leibowitz the Covered (level 3, 0/33 HPs)
             Began as a Minotaur Fighter on May 12, 2023.
             Killed from afar by Sigmund (2 damage)
             ... with a bolt of dispelling energy
             ... on level 2 of the Dungeon.
             The game lasted 00:04:10 (1395 turns).

Leibowitz the Covered (Minotaur Fighter)            Turns: 1395, Time: 00:04:11

Health: 0/33       AC:  7    Str: 22    XL:     3   Next: 67%
Magic:  2/2        EV: 10    Int:  5    God:
Gold:   73         SH:  0    Dex:  9    Spells: 2/2 levels left

rFire   . . .        a - +0 war axe
rCold   . . .        (no shield)
rNeg    . . .        b - +0 scale mail
rPois   .            (helmet restricted)
rElec   .            (no cloak)
rCorr   .            (no gloves)
SInv    .            (no boots)
Will    .....        (no amulet) Stlth
                     (no ring)
HPRegen 0.25/turn    (no ring)
MPRegen 0.08/turn

%: no passive effects
@: hasted (expiring), very quick
A: horns 2, retaliatory headbutt
a: no special abilities


You were on level 2 of the Dungeon.
You visited 1 branch of the dungeon, and saw 2 of its levels.

You collected 73 gold pieces.

Inventory:

Hand Weapons
 a - a +0 war axe (weapon)
Armour
 b - a +0 scale mail (worn)
Scrolls
 c - 3 scrolls of fear {unknown}
 e - a scroll of teleportation {unknown}
 f - 2 scrolls of immolation {unknown}
 g - a scroll of identify {unknown}
Potions
 d - 2 potions of might
 h - a potion of curing {unknown}
 i - a potion of mutation {unknown}
 j - 2 potions of haste
 k - a potion of flight {unknown}


   Skills:
 * Level 4.2 Fighting
 * Level 3.1 Axes
 * Level 4.5 Armour
 * Level 1.1 Dodging
 - Level 3.6 Shields


You had 2 spell levels left.
You didn't know any spells.
Your spell library contained the following spells:

 Spells                   Type           Power      Damage    Failure   Level
 Blink                    Tloc           0%         N/A       90%         2
 Lesser Beckoning         Tloc           0%         N/A       90%         2
 Momentum Strike          Conj/Tloc      0%         3d8       90%         2


Dungeon Overview and Level Annotations

Branches:
Dungeon (2/15)

Altars:
Hepliaklqana

Annotations:
D:2 Sigmund


Innate Abilities, Weirdness & Mutations

You have a pair of horns on your head.
You reflexively headbutt those who attack you in melee.


Message History

j - 3 silvery potions (gained 2)
You now have 73 gold pieces (gained 6).
You open the door.
There is an open door here.
Found 9 stones.
k - a lumpy yellow potion A goblin and a rat come into view.
The goblin shouts!
You hit the rat.
You kill the rat!
You slash the goblin!
You kill the goblin!
You see here a +0 dagger.
You see here a ball python skeleton.
Sigmund is nearby!
Sigmund shouts!
Sigmund barely misses you.
Sigmund hits you with a +4 vampiric scythe!
You hit Sigmund but do no damage.
Sigmund hits you with a +4 vampiric scythe.
You slash Sigmund!
Sigmund is moderately wounded.
Sigmund barely misses you.
You slash Sigmund! You punch Sigmund.
Sigmund is almost dead.
You barely miss Sigmund.
Sigmund is almost dead.
Sigmund points at you and mumbles some strange words.
You are confused.
Sigmund laughs darkly.
Sigmund zaps a wand.
The bolt of dispelling energy hits you!!
Your magical effects are unravelling.
Ouch! That really hurt!
* * * LOW HITPOINT WARNING * * *
It was a potion of haste.
You feel yourself speed up.
You feel less confused.
Sigmund zaps a wand.
The bolt of dispelling energy hits you.
Your magical effects are unravelling.
You die...

.....# ####'####.#. ####.#
########## #.......#.#. ...#.#
#........# #.......#... ##.#.#
#........# #.......)... ...#.#
#........## ####.##...#.
#..#.#####÷........######.##...#.
.........÷.............##.##...#.
#.#.#######....._@.....##.##...##
#....<÷...'.....@......+..##...#
###########...........)#####...#
#............# #####
##'########### #.#.......#
#.#.......# #.........#
###......###### #....†......#


You could see Sigmund.

Vanquished Creatures
  An adder (D:2)
  2 worms (D:2)
  2 dart slugs
  3 endoplasms (D:1)
  3 giant cockroaches (D:1)
  2 goblins
  2 hobgoblins (D:1)
  3 jackals
  A kobold (D:2)
  A quokka (D:1)
  7 ball pythons
  3 bats (D:1)
  A frilled lizard (D:2)
  3 rats
34 creatures vanquished.

Notes
Turn   | Place    | Note
-------+----------+-------------------------------------------
     0 | D:1      | Leibowitz the Minotaur Fighter began the quest for the Orb.
     0 | D:1      | Reached XP level 1. HP: 19/19 MP: 0/0
   230 | D:1      | Reached XP level 2. HP: 17/27 MP: 1/1
  1018 | D:2      | Found a hazy altar of Hepliaklqana.
  1046 | D:2      | Reached skill level 1 in Dodging
  1046 | D:2      | Reached XP level 3. HP: 33/33 MP: 2/2
  1051 | D:2      | Noticed Sigmund
  1211 | D:2      | Identified the +1 ring mail of Beogh's Regard {Harm rF-
                  | rN+}
  1394 | D:2      | HP: 1/33 [Sigmund/bolt of dispelling energy (19)]
  1395 | D:2      | Killed from afar by Sigmund

Illustrated notes

Levels and vault maps discovered:
D:1:      lightli_arrival_chessboard, layout_basic
D:2:      layout_basic, basic_altar, uniq_sigmund

Skill      XL: |  1  2  3 |
---------------+----------+-----
Fighting       | 4 |  4.2
Armour         | 4 |  4.5
Dodging        | 1 |  1.1
Axes           | 3 |  3.1
Shields        | |  3.6

Action                     || total
---------------------------++-------
  Melee: War axe           ||    68
         Headbutt          ||     8
         Punch             ||     2
    Use: Potion            ||     1
 Armour: Scale mail        ||    40
  Dodge: Dodged            ||    41
